 Dungeon Crawl Stone Soup version 0.26-a0-808-g930a2b7adc (webtiles) character file.

Game seed: 4822266476387863450

41437 Peloso the Peltast (level 13, 0/117 HPs)
             Began as a Minotaur Fighter on Nov 12, 2020.
             Was the Champion of Okawaru.
             Slain by Jorgrun
             ... wielding a +0 vorpal quarterstaff
              (12 damage)
             ... on level 1 of the Orcish Mines.
             The game lasted 00:50:50 (21789 turns).

Peloso the Peltast (Minotaur Fighter)              Turns: 21789, Time: 00:50:50

Health: 0/117      AC: 29    Str: 24    XL:     13   Next: 80%
Magic:  13/13      EV:  6    Int:  5    God:    Okawaru [******]
Gold:   2377       SH: 15    Dex: 12    Spells: 12/12 levels left

rFire    . . .     SeeInvis .   a - +2 long sword (holy)
rCold    . . .     Faith    +   c - +1 kite shield {AC+3}
rNeg     . . .     Spirit   .   W - +0 plate armour
rPois    +         Reflect  .   (helmet restricted)
rElec    .         Harm     .   z - +2 cloak
rCorr    .         Rampage  .   R - +3 pair of gauntlets of War {Slay+5}
MR       +....                  Z - +1 pair of boots {Fly}
Stlth    ..........             u - amulet of faith
HPRegen  0.29/turn              k - ring of protection from magic
MPRegen  0.13/turn              M - ring of poison resistance

@: grasped by roots, flying, constricted
A: retaliatory headbutt, horns 2
a: Heroism, Finesse, Renounce Religion, Stop Flying


You were on level 1 of the Orcish Mines.
You worshipped Okawaru.
Okawaru was exalted by your worship.
You visited 4 branches of the dungeon, and saw 18 of its levels.
You also visited: Sewer, Ossuary and Ice Cave.

You collected 2994 gold pieces.
You spent 617 gold pieces at shops.

Inventory:

Hand Weapons
 a - a +2 long sword of holy wrath (weapon)
 b - the +3 spear of Giest {flame, Dex+2}
   (You found it on level 7 of the Dungeon)

   It has been specially enchanted to burn those struck by it, causing extra
   injury to most foes and up to half again as much damage against particularly
   susceptible opponents.
   It affects your dexterity (+2).
Missiles
 l - 177 bolts
Armour
 c - a +1 kite shield of protection (worn)
 z - a +2 cloak (worn)
 K - +0 acid dragon scales
 R - the +3 pair of gauntlets of War (worn) {Slay+5}
   (You bought it in a shop on level 11 of the Dungeon)

   It affects your accuracy and damage with ranged weapons and melee attacks
   (+5).
 V - a +0 pair of boots of stealth
 W - a +0 plate armour (worn)
 Z - a +1 pair of boots of flying (worn)
Jewellery
 e - a +4 ring of protection
 f - an uncursed ring of fire {unknown}
 i - an uncursed ring of see invisible
 k - a ring of protection from magic (left hand)
 n - an uncursed ring of stealth {unknown}
 r - an uncursed amulet of reflection {unknown}
 u - an amulet of faith (around neck)
 v - an uncursed amulet of regeneration
 B - an uncursed ring of flight
 G - a cursed ring of positive energy
 I - a +6 ring of dexterity {unknown}
 M - a ring of poison resistance (right hand)
 Q - an uncursed ring of stealth {unknown}
Wands
 w - a wand of flame (65)
 J - a wand of enslavement (30)
 O - a wand of polymorph (33)
 S - a wand of random effects (10)
 Y - a wand of paralysis (17)
Scrolls
 h - a scroll of magic mapping
 j - 9 scrolls of remove curse
 q - a scroll of identify
 t - 10 scrolls of teleportation
 y - 3 scrolls of fog
 A - 4 scrolls of amnesia
 D - 2 scrolls of blinking
 E - 5 scrolls of noise
 F - 5 scrolls of immolation
 N - a scroll of enchant armour
 P - a scroll of fear
 T - 2 scrolls of brand weapon {unknown}
 X - a scroll of silence
Potions
 d - a potion of might
 g - 3 potions of magic
 m - 11 potions of curing
 o - 4 potions of heal wounds
 p - 3 potions of flight
 s - 6 potions of brilliance
 x - a potion of haste
 C - 3 potions of resistance
 H - 2 potions of berserk rage


   Skills:
 + Level 11.7 Fighting
 + Level 14.9 Long Blades
 + Level 3.1 Polearms
 + Level 12.8 Armour
 + Level 4.7 Dodging
 + Level 2.0 Stealth
 + Level 15.7 Shields
 + Level 1.6 Invocations
 + Level 1.2 Evocations


You had 12 spell levels left.
You didn't know any spells.
Your spell library contained the following spells:

 Spells                   Type           Power        Failure   Level
 Corona                   Hex            #......      99%         1
 Magic Dart               Conj           #...         99%         1
 Blink                    Tloc           N/A          100%        2
 Call Imp                 Summ           #.......     100%        2
 Ensorcelled Hibernation  Hex/Ice        #.....       100%        2
 Slow                     Hex            #.......     100%        2
 Confusing Touch          Hex            #.......     100%        3
 Conjure Flame            Conj/Fire      #.......     100%        3
 Dazzling Flash           Conj/Hex       #.....       100%        3
 Mephitic Cloud           Conj/Pois/Air  #.......     100%        3
 Tukima's Dance           Hex            #.......     100%        3


Dungeon Overview and Level Annotations

Branches:
Dungeon (12/15)            Temple (1/1) D:4            Lair (3/6) D:8
  Swamp (0/4) Lair:2        Snake (0/4) Lair:2          Orc (2/2) D:11
    Elf (0/3) Orc:2         Sewer (visited)         Ossuary (visited)
  IceCv (visited)

Altars:
Ashenzari
Cheibriados
Dithmenos
Elyvilon
Fedhas
Gozag
Hepliaklqana
Kikubaaqudgha
Makhleb
Nemelex Xobeh
Okawaru
Qazlal
Ru
Sif Muna
Trog
Uskayaw
Vehumet
Wu Jian
Xom
Yredelemnul
Zin
The Shining One

Shops:
D:11 [   Orc:2 =[[*

Annotations:
D:9 1 runed translucent door, kuniqs's ghost, novice FoFi
D:11 Casa
Lair:2 1 runed translucent door, Gargoyl's ghost, journeyman GnAK
Orc:1 Jorgrun


Innate Abilities, Weirdness & Mutations

You reflexively headbutt those who attack you in melee.
You have a pair of horns on your head.


Message History

You feel like a meek peon again.
Jorgrun hits you with a +0 vorpal quarterstaff!
The grasping roots constrict you. You block the orc's attack.
You closely miss Jorgrun. You headbutt Jorgrun.
Jorgrun is severely wounded.
Jorgrun casts a spell at you. The iron shot misses you.
The grasping roots constrict you.
You completely miss Jorgrun.
Jorgrun is severely wounded.
You block the orc's attack.
You hit Jorgrun. You headbutt Jorgrun!!
Jorgrun is almost dead.
You block Jorgrun's attack. The grasping roots constrict you.
You block the orc's attack.
You slash Jorgrun!
Jorgrun is almost dead.
Jorgrun casts a spell at you. The iron shot hits you!!!
* * * LOW HITPOINT WARNING * * *
You die...

## #.....## #.##
##.....##
....###.......##
#....#.........##
#$........#.....
##.........#....#
..................
.......o).........
......g@..........
...........#......
#..$..............
###.....#.........
##.#.###....##..
#### #####


You could see Jorgrun and an orc.

Vanquished Creatures
  Rupert (D:12)
  Fannar (D:11)
  Josephine (Orc:2)
  2 ice dragons (IceCv)
  3 hydras (Lair:2)
  A boulder beetle (Lair:1)
  Harold (D:10)
  5 two-headed ogres
  An ogre mage (D:11)
  3 orc high priests (Orc:2)
  An unseen horror (D:11)
  4 orc knights (Orc:2)
  A deep elf mage (D:12)
  3 orc sorcerers (Orc:2)
  An ugly thing (D:10)
  A cyclops (Orc:2)
  A manticore (D:12)
  2 ice statues (IceCv)
  Psyche (D:10)
  A gargoyle (D:12)
  Maggie (D:6)
  A komodo dragon (Lair:2)
  2 rime drakes (IceCv)
  5 trolls
  Grinder (Sewer)
  A shadow (D:12)
  4 wraiths (Orc:2)
  3 wyverns
  22 yaks
  2 basilisks
  2 wargs (Orc:2)
  4 nagas (Lair:2)
  5 water moccasins
  23 ice beasts
  21 orc warriors
  2 phantoms
  17 ogres
  2 sky beasts
  2 necrophages
  3 black bears
  An eye of draining (D:12)
  2 centaurs
  9 big kobolds
  4 gnoll sergeants
  An elf skeleton (D:6)
  16 bullfrogs
  A wyvern skeleton (D:12)
  7 scorpions
  20 killer bees
  3 wights (D:9)
  8 howler monkeys
  A bullfrog zombie (D:9)
  2 centaur zombies
  2 quasits (Sewer)
  2 jellies
  2 bullfrog skeletons
  3 hounds
  2 human zombies
  13 orc priests
  21 orc wizards
  A centaur skeleton (D:4)
  3 iguanas
  Terence (D:2)
  2 human skeletons (D:6)
  7 worker ants
  3 big kobold zombies
  5 mummies (Ossuary)
  A worker ant zombie (D:8)
  A howler monkey zombie (D:10)
  13 gnolls
  14 adders
  5 river rats (D:3)
  6 shadow imps
  4 white imps
  7 ufetubi
  3 oozes
  3 adder zombies
  2 adder skeletons
  5 worms
  A dart slug (D:2)
  4 leopard geckos
  52 orcs
  5 giant cockroaches
  5 goblins
  6 hobgoblins
  13 jackals
  46 kobolds
  4 quokkas
  2 ball pythons (Sewer)
  11 bats
  5 frilled lizards
  3 goblin zombies (Ossuary)
  2 hobgoblin zombies (Ossuary)
  A leopard gecko skeleton (D:8)
  3 leopard gecko zombies (D:7)
  2 orc skeletons (D:6)
  10 rats
539 creatures vanquished.

Vanquished Creatures (others)
  A wight (D:9)
  17 fungi
  26 plants
44 creatures vanquished.

Grand Total: 583 creatures vanquished

Notes
Turn   | Place    | Note
-------+----------+-------------------------------------------
     0 | D:1      | Peloso the Minotaur Fighter began the quest for the Orb.
     0 | D:1      | Reached XP level 1. HP: 19/19 MP: 0/0
   197 | D:1      | Reached XP level 2. HP: 27/27 MP: 1/1
   684 | D:2      | Reached skill level 4 in Shields
   991 | D:2      | Reached XP level 3. HP: 33/33 MP: 2/2
  1017 | D:2      | Noticed Terence
  1021 | D:2      | Killed Terence
  1246 | D:2      | Reached XP level 4. HP: 40/40 MP: 3/3
  1534 | D:2      | Found a shimmering altar of Xom.
  1537 | D:2      | Found a burning altar of Makhleb.
  1538 | D:2      | Found a glowing golden altar of the Shining One.
  1713 | D:2      | Found an ancient bone altar of Kikubaaqudgha.
  2073 | D:3      | Reached XP level 5. HP: 40/47 MP: 4/4
  2102 | D:3      | Found a glowing drain.
  2106 | Sewer    | Entered a sewer
  2133 | Sewer    | Reached skill level 5 in Shields
  2337 | Sewer    | Reached skill level 1 in Dodging
  2353 | Sewer    | Found a burning altar of Makhleb.
  2373 | Sewer    | Reached XP level 6. HP: 43/53 MP: 5/5
  2528 | Sewer    | Noticed Grinder
  2544 | Sewer    | Paralysed by Grinder for 7 turns
  2554 | Sewer    | Killed Grinder
  2554 | Sewer    | Reached skill level 5 in Long Blades
  2554 | Sewer    | Reached skill level 5 in Armour
  2554 | Sewer    | Reached skill level 6 in Shields
  2781 | Sewer    | Reached XP level 7. HP: 54/60 MP: 6/6
  2837 | Sewer    | Reached skill level 5 in Fighting
  3587 | D:4      | Found a staircase to the Ecumenical Temple.
  3604 | Temple   | Entered the Ecumenical Temple
  4062 | D:4      | Found a shadowy altar of Dithmenos.
  4106 | D:4      | Found a broken altar of Ashenzari.
  4369 | D:2      | Found an iron altar of Okawaru.
  4390 | D:2      | Became a worshipper of Warmaster Okawaru
  4425 | D:5      | Entered Level 5 of the Dungeon
  4432 | D:5      | Found a radiant altar of Vehumet.
  4443 | D:5      | Reached skill level 7 in Shields
  4841 | D:5      | Found the +3 Elemental Staff {rElec rF++ rC++ MR++ AC+5}
  5548 | D:6      | Reached XP level 8. HP: 69/69 MP: 7/7
  5630 | D:6      | Found a sand-covered staircase.
  5651 | Ossuary  | Entered an ossuary
  6297 | D:6      | Noticed Maggie
  6315 | D:6      | Killed Maggie
  6315 | D:6      | Reached * piety under Okawaru
  6717 | D:6      | Reached skill level 8 in Shields
  7157 | D:6      | Reached XP level 9. HP: 54/75 MP: 5/8
  7760 | D:7      | Got an ancient spear
  7761 | D:7      | Identified the cursed +3 spear of Giest {flame, Dex+2} (You
                  | found it on level 7 of the Dungeon)
  7938 | D:7      | Reached ** piety under Okawaru
  8079 | D:7      | Got a brightly glowing trident
  8080 | D:7      | Identified the cursed +0 trident of Qikutz {drain, rF- rN+
                  | Int+5 SInv} (You found it on level 7 of the Dungeon)
  8572 | D:8      | Noticed a two-headed ogre
  8586 | D:8      | Killed a two-headed ogre
  8586 | D:8      | Reached skill level 9 in Shields
  8742 | D:8      | Reached skill level 10 in Long Blades
  8965 | D:8      | Reached *** piety under Okawaru
  9265 | D:8      | Found a staircase to the Lair.
  9305 | D:8      | Reached XP level 10. HP: 84/84 MP: 9/9
  9943 | D:9      | Reached **** piety under Okawaru
  9950 | D:9      | Reached skill level 10 in Shields
 10289 | D:9      | Found a stormy altar of Qazlal.
 10420 | D:9      | Found a bloodstained altar of Trog.
 10438 | D:9      | Found a runed translucent door.
 10439 | D:9      | Found a shimmering altar of Xom.
 10439 | D:9      | Noticed kuniqs's ghost (novice FoFi)
 10440 | D:9      | Noticed a +1 war axe of chaos
 11097 | D:10     | Entered Level 10 of the Dungeon
 11418 | D:10     | Reached skill level 1 in Stealth
 11477 | D:10     | Noticed Psyche
 11509 | D:10     | Reached ***** piety under Okawaru
 11541 | D:10     | Killed Psyche
 11554 | D:10     | Noticed Harold
 11573 | D:10     | Killed Harold
 11573 | D:10     | Reached skill level 11 in Shields
 11573 | D:10     | Reached skill level 1 in Evocations
 11579 | D:10     | Identified the cursed +0 rapier "Gyfown" {antimagic, rPois}
                  | (You found it on level 10 of the Dungeon)
 12209 | D:10     | Found a sacrificial altar of Ru.
 12436 | D:11     | Received a gift from Okawaru
 12523 | D:11     | Reached XP level 11. HP: 90/94 MP: 10/10
 12545 | D:11     | Noticed a cyan ugly thing
 12588 | D:10     | Killed a cyan ugly thing
 12646 | D:11     | Found Kiugyrov's Armour Boutique.
 12678 | D:11     | Bought the +3 pair of gauntlets of War {Slay+5} for 617
                  | gold pieces
 12678 | D:11     | Found the +3 pair of gauntlets of War {Slay+5}
 13051 | D:11     | Noticed a two-headed ogre
 13064 | D:11     | Noticed an ogre mage
 13067 | D:11     | Noticed a two-headed ogre
 13071 | D:11     | Killed a two-headed ogre
 13360 | D:11     | Noticed a two-headed ogre
 13372 | D:10     | Killed a two-headed ogre
 13378 | D:10     | Reached skill level 12 in Shields
 13396 | D:11     | Killed a two-headed ogre
 13407 | D:11     | Killed an ogre mage
 13407 | D:11     | Reached skill level 10 in Armour
 13493 | D:11     | Killed an unseen horror
 13493 | D:11     | Reached ****** piety under Okawaru
 13493 | D:11     | Received a gift from Okawaru
 13493 | D:11     | Reached skill level 1 in Invocations
 13496 | D:11     | Got a pair of polished gloves {god gift}
 13524 | D:11     | Identified the +1 pair of gloves of the Beginning {rF-
                  | rCorr Int+6 Slay+3} (Okawaru gifted it to you on level 11
                  | of the Dungeon)
 13767 | D:11     | Noticed a two-headed ogre
 13774 | D:11     | Killed a two-headed ogre
 13776 | D:11     | Noticed Fannar
 13788 | D:11     | Killed Fannar
 14027 | D:11     | Found a staircase to the Orcish Mines.
 14303 | D:11     | Reached XP level 12. HP: 105/105 MP: 11/11
 14908 | D:12     | Received a gift from Okawaru
 14915 | D:12     | Reached skill level 13 in Shields
 15186 | D:12     | Noticed Rupert
 15218 | D:12     | Killed Rupert
 15473 | D:12     | Reached skill level 10 in Fighting
 15845 | Lair:1   | Entered Level 1 of the Lair of Beasts
 15897 | Lair:1   | Noticed a boulder beetle
 15923 | Lair:1   | Killed a boulder beetle
 16843 | Lair:2   | Found a runed translucent door.
 16843 | Lair:2   | Noticed Gargoyl's ghost (journeyman GnAK)
 16865 | Lair:2   | Noticed a seven-headed hydra
 16894 | Lair:2   | Killed a seven-headed hydra
 16894 | Lair:2   | Reached skill level 14 in Shields
 17087 | Lair:2   | Found a staircase to the Snake Pit.
 17228 | Lair:2   | Noticed a four-headed hydra
 17236 | Lair:2   | Killed a four-headed hydra
 17236 | Lair:2   | Received a gift from Okawaru
 17236 | Lair:2   | Reached skill level 1 in Polearms
 17251 | Lair:2   | Got a shimmering tower shield {god gift}
 17257 | Lair:2   | Identified the +7 tower shield "Paciuzxas" {Harm Int+4
                  | Stlth+} (Okawaru gifted it to you on level 2 of the Lair of
                  | Beasts)
 17408 | Lair:2   | Found a staircase to the Swamp.
 17606 | Lair:2   | Noticed a five-headed hydra
 17616 | Lair:2   | Killed a five-headed hydra
 17616 | Lair:2   | Reached XP level 13. HP: 103/115 MP: 13/13
 18132 | Orc:1    | Entered Level 1 of the Orcish Mines
 18291 | Orc:2    | Entered Level 2 of the Orcish Mines
 18357 | Orc:2    | Found a frozen archway.
 18378 | IceCv    | Entered an ice cave
 19600 | Orc:2    | Found a staircase to the Elven Halls.
 20170 | Orc:2    | Reached skill level 15 in Shields
 20992 | Orc:2    | Received a gift from Okawaru
 21064 | Orc:2    | Found Efaxoran's Assorted Antiques.
 21064 | Orc:2    | Found Cotzoer's Armour Shop.
 21078 | Orc:2    | Found Tyerewna's Armour Shoppe.
 21078 | Orc:2    | Found Hesil's Jewellery Shoppe.
 21293 | Orc:1    | Noticed Josephine
 21325 | Orc:2    | Killed Josephine
 21602 | Orc:1    | Noticed Jorgrun
 21789 | Orc:1    | Slain by Jorgrun

Illustrated notes

Levels and vault maps discovered:
D:1:      matt_arrival_los_fun, layout_loops_ring, kennysheep_boxes
D:2:      kennysheep_six_static_rooms, layout_loops_corners,
          nicolae_overflow_hidden_temple, uniq_terence
D:3:      layout_rooms, lightli_sewer_entry_pipes, serial_aquarium,
          aquarium_bridge_long_separate [aquarium_subvault_window,
          aquarium_subvault_wall, aquarium_subvault_bridge,
          aquarium_subvault_bridge, aquarium_subvault_wall,
          aquarium_subvault_bridge], aquarium_window_fake, aquarium_window_2,
          aquarium_window_fake, aquarium_view_2f, aquarium_view_2a,
          aquarium_pool_2, minivault_25, minmay_close_crescents
D:4:      layout_rooms, grunt_dithmenos_shadows, cheibrodos_ashenzari_chains,
          minmay_temple_entry_gardened_gates
D:5:      layout_basic, vehumet_altar_wand_db
D:6:      layout_gridville, nicolae_ossuary_entry_catacombs, uniq_maggie
D:7:      layout_cave_pods, minmay_misc_feat_rows, grunt_potential
D:8:      layout_loops_ring, grunt_lair_entry_orc_guard_hut
D:9:      layout_gridville, lemuel_doored_altar, kennysheep_mini_moat,
          ebering_ghost_xom, st_stairs_10
D:10:     layout_basic, nicolae_ru_path_of_blood, uniq_harold, uniq_psyche
D:11:     layout_long_grid, kennysheep_orc_monster_closet_entryway,
          serial_shops, shop, uniq_fannar
D:12:     layout_irregular_city, uniq_rupert
Temple:   hc_temple_tempest_star
Lair:1:   layout_small_grid
Lair:2:   layout_roguey, swamp_mist, minmay_snake_entry_guardpost_small,
          hellmonk_ghost_happy_afterlife, grunt_megastairs_3
Lair:3:   layout_layer_cave
Orc:1:    layout_caves, nicolae_orc_stony_grotto, uniq_josephine, uniq_jorgrun
Orc:2:    st_orc_elflike, layout_diamond_mine, portal_ice_cave_entry_ice_beasts

Skill      XL: |  1  2  3  4  5  6  7  8  9 10 11 12 13 |
---------------+----------------------------------------+-----
Fighting       | 4 5 6 8 9 10 11 | 11.7
Armour         | 4 5 6 8 9 10 12 | 12.8
Shields        | 4 5 6 7 8 9 11 12 14 15 | 15.7
Long Blades    | 3 4 5 6 8 10 11 13 14 | 14.9
Dodging        | 1 2 3 4 |  4.7
Stealth        | 1 2 |  2.0
Evocations     | 1 |  1.2
Invocations    | 1 |  1.6
Polearms       | 1 3 |  3.1

Action                   |  1- 3 |  4- 6 |  7- 9 | 10-12 | 13-15 || total
-------------------------+-------+-------+-------+-------+-------++-------
Melee: Long sword        |    68 |   165 |   497 |   798 |   426 ||  1954
       Headbutt          |     7 |    23 |   108 |   225 |   103 ||   466
       Spear             |       |       |     2 |    37 |       ||    39
Invok: Heroism           |       |       |     3 |    12 |    12 ||    27
Evoke: Wand              |       |       |       |     2 |     5 ||     7
  Use: Scroll            |     4 |     5 |     7 |    10 |     5 ||    31
       Potion            |     2 |     1 |     1 |     4 |     2 ||    10
Armor: Scale mail        |    25 |       |       |       |       ||    25
       Chain mail        |    15 |   189 |   197 |   318 |       ||   719
       Plate armour      |       |       |       |   148 |   178 ||   326
Dodge: Dodged            |    25 |    73 |   104 |   281 |   111 ||   594
Block: Kite shield       |    28 |   163 |   285 |   626 |   318 ||  1420
       Rpst.: Long sword |     6 |    11 |    21 |    49 |    28 ||   115

Table legend: (Time is in decaauts)
 A = Elapsed time spent in this place.
 B = Non-inter-level travel time spent in this place.
 C = Inter-level travel time spent in this place.
 D = Time resting spent in this place.
 E = Time spent auto-exploring this place.
 F = Levels seen in this place.
 G = Mean time per level.
                   A        B        C        D        E       F      G
               +--------+--------+--------+--------+--------+-----+--------+
         Total |  21671 |  20946 |    725 |   3028 |  12654 |  21 | 1032.0 |
       Dungeon |  14372 |  13783 |    589 |   1374 |   8974 |  12 | 1197.7 |
        Temple |    331 |    331 |      0 |      0 |    306 |   1 |  331.0 |
          Lair |   2064 |   1928 |    136 |    158 |   1414 |   3 |  688.0 |
  Orcish Mines |   2402 |   2402 |      0 |    692 |   1059 |   2 | 1201.0 |
         Sewer |    865 |    865 |      0 |    334 |    232 |   1 |  865.0 |
       Ossuary |    491 |    491 |      0 |     49 |    183 |   1 |  491.0 |
      Ice Cave |   1143 |   1143 |      0 |    421 |    485 |   1 | 1143.0 |
               +--------+--------+--------+--------+--------+-----+--------+

Top non-repeatable levels by time:
   Orc:2: 2192 daAuts
    D:11: 1789 daAuts
    D:10: 1668 daAuts
     D:9: 1577 daAuts
     D:2: 1408 daAuts
     D:6: 1385 daAuts
    D:12: 1310 daAuts
     D:8: 1281 daAuts
   IceCv: 1143 daAuts
  Lair:2: 1074 daAuts
     D:7: 990 daAuts
  Lair:1: 891 daAuts
   Sewer: 865 daAuts
     D:5: 798 daAuts
     D:3: 793 daAuts
